[Event "Early-Titled-Tuesday-Blitz-June-18-2024"]
[Site "Chess.com"]
[Date "2024.06.18"]
[Round "8"]
[White "FabianoCaruana"]
[Black "TigrVShlyape"]
[Result "1/2-1/2"]
[WhiteElo "3139"]
[BlackElo "3008"]
[TimeControl "180+1"]
[EndTime "9:32:10 PDT"]
[Termination "Game drawn by stalemate"]

1. d4 f5 2. g3 Nf6 3. Bg2 g6 4. Nf3 Bg7 5. O-O O-O 6. b4 c6 7. Bb2 a5 8. a3 axb4 9. axb4 Rxa1 10. Bxa1 Na6 11. c3 b5 12. Nbd2 Nc7 13. Ne5 Ncd5 14. Qb3 Qb6 15. Nd3 Kh8 16. Bb2 d6 17. c4 bxc4 18. Nxc4 Qb5 19. Ra1 Be6 20. Ra5 Qb8 21. Qa4 Rc8 22. Nd2 g5 23. h3 h6 24. Qa3 f4 25. g4 Bf7 26. Nf3 Bg6 27. Nfe1 Be4 28.
Bc1 Bxg2 29. Kxg2 Qb6 30. Nf3 Rb8 31. Ra8 Rxa8 32. Qxa8+ Kh7 33. Qa4 Qb7 34. Qc2 Kg8 35.
Bd2 Qd7 36. Be1 Qe6 37. Kf1 Qe4 38. Kg1 Nc7 39. Qd1 Nb5 40. Qc2 Qd5 41. Nb2 Ne4 42. e3 fxe3 43. fxe3 c5 44. bxc5 dxc5 45. Qc4 Qxc4 46.
Nxc4 cxd4 47. exd4 Nxd4 48. Nxd4 Bxd4+ 49. Kg2 Kf7 50. Kf3 Nf6 51. Bg3 Ke6 52. Bb8 Kd5 53. Ne3+ Bxe3 54. Kxe3 e5 55. Bc7 Ke6 56. Bd8 Nd5+ 57.
Kf3 Kd7 58. Ba5 Nf4 59. Kg3 Ng6 60. Bb4 Ke6 61. Kf3 Kd5 62. Ba3 Kd4 63. Bb2+ Kd3 64. Bc1 e4+ 65. Kf2 Ne5 66. Be3 Nf3 67. Bb6 Nd4 68.
Kg2 e3 69. Ba5 Nc2 70. Kf3 Nd4+ 71. Kg2 Ke4 72. Bb4 Nc2 73. Bc3 Kd3 74. Ba5 e2 75. Kf2 e1=Q+ 76. Bxe1 Nxe1 77. Kxe1 Ke3 78. h4 Kf3 79. hxg5 hxg5 80. Kf1 Kg3 81. Kg1 Kh3 82. Kh1 Kh4 83. Kh2 Kxg4 84. Kg2 Kf4 85. Kf2 g4 86. Kg2 g3 87. Kg1 Kf3 88. Kf1 g2+ 89. Kg1 Kg3 1/2-1/2

[Event "Early-Titled-Tuesday-Blitz-June-18-2024"]
[Site "Chess.com"]
[Date "2024.06.18"]
[Round "8"]
[White "YurasovMat-2012"]
[Black "TheBigBoss04"]
[Result "0-1"]
[WhiteElo "2638"]
[BlackElo "2820"]
[TimeControl "180+1"]
[EndTime "9:32:12 PDT"]
[Termination "TheBigBoss04 won on time"]

1. e4 e5 2. Nf3 Nc6 3. Bc4 Bc5 4. O-O Nf6 5. d3 d6 6. h3 a6 7. c3 Ba7 8. d4 O-O 9. dxe5 Nxe5 10. Nxe5 dxe5 11.
Qxd8 Rxd8 12. Nd2 b5 13. Bb3 c5 14. Nf3 Nxe4 15. Nxe5 c4 16. Bc2 Bb7 17. a4 f6 18. Nf3 Bc6 19. axb5 axb5 20. Nd4 Bxd4 21. Rxa8 Bxf2+ 22. Rxf2 Bxa8 23. Rf5 Bc6 24. Be3 Nd6 25. Rc5 Be8 26. Bd4 Bg6 27. Bd1 Be4 28. Kf2 Bd3 29.
Bf3 h6 30. g4 Be4 31. Be2 Ba8 32. Ke1 Kf7 33. Be3 Rd7 34. Bf4 Be4 35. h4 g5 36. hxg5 hxg5 37. Bxd6 Rxd6 38. Rxb5 Bd3 39. Bf3 Ra6 40. Rc5 Ra2 41. Rb5 Ra1+ 42. Kf2 Rc1 43. Bc6 Kg6 44. Bd7 Rd1 45. Ke3 Rg1 46. Rb8 Re1+ 47.
Kf2 Re2+ 48. Kf3 Rd2 49. Rd8 Kg7 50. Rb8 Be2+ 51. Ke3 Rxd7 52. Kxe2 Re7+ 53. Kf2 Rc7 54. Ke3 Kg6 55. Ke4 Re7+ 56. Kf3 Rc7 57. Rb6 Rc5 58. Ke4 Re5+ 59. Kf3 Rd5 60. Rb8 Rd3+ 61. Kf2 Rd2+ 62. Kf3 Rc2 63. Rb7 Rd2 64. Rb6 Kf7 65. Ke3 Rg2 66. Kf3 Rg1 67. Rb7+ Ke6 68. Rb6+ Ke5 69.
Rb5+ Kd6 70. Rb6+ Kc5 71. Re6 Rb1 72. Re2 Kb5 73. Ke4 Rf1 74. Rd2 Rf4+ 75. Kd5 Rxg4 76. Re2 Rf4 77. Re8 g4 78. Rb8+ Ka4 79. Ra8+ Kb3 80.
Rb8+ Kc2 81. Rg8 Kxb2 0-1

[Event "Early-Titled-Tuesday-Blitz-June-18-2024"]
[Site "Chess.com"]
[Date "2024.06.18"]
[Round "8"]
[White "SALVA-DALI"]
[Black "Muracle"]
[Result "1/2-1/2"]
[WhiteElo "2759"]
[BlackElo "2602"]
[TimeControl "180+1"]
[EndTime "9:32:15 PDT"]
[Termination "Game drawn by repetition"]

1. e4 c6 2. d4 d5 3. exd5 cxd5 4. Bd3 Nc6 5. c3 Nf6 6. Nf3 Bg4 7. O-O e6 8. h3 Bh5 9. Nbd2 Bd6 10. Re1 O-O 11. Nf1 e5 12. dxe5 Nxe5 13. Be2 Nc6 14. Ng3 Bg6 15. Nh4 Qc7 16. Ngf5 Bh2+ 17. Kh1 Bf4 18. Bf3 Rae8 19. Bxf4 Qxf4 20. Rxe8 Rxe8 21. Qc1 Qe5 22. Qg5 Ne4 23. Bxe4 dxe4 24. Qg4 a6 25. Rd1 Qf6 26. Rd6 Qe5 27. Rd7 Qe6 28. Rxb7 Qxa2 29. Nxg6 hxg6 30. Nd6 Rd8 31. Nxf7 Rf8 32. Qxg6 Rxf7 33.
Rxf7 Qxf7 34. Qxc6 Qxf2 35. Qxe4 Qxb2 36. Qc4+ Kh8 37.
Qxa6 Qc1+ 38. Kh2 Qf4+ 39. Kg1 Qc1+ 40. Qf1 Qe3+ 41. Kh1 Qxc3 42. Qf8+ Kh7 43. Qf3 Qc1+ 44. Kh2 Qc7+ 45. Qg3 Qc4 46. Qe5 Qf7 47. Qe4+ g6 48. h4 Qc7+ 49. g3 Qd7 50. Qe2 Qf5 51. Kg2 Qf6 52.
Qf3 Qb6 53. Qf7+ Kh8 54. Qf8+ Kh7 55. Qf2 Qc6+ 56. Kh2 Qd6 57. Qc2 Kg7 58. Qc3+ Kf7 59. Qc2 Kg7 60. Kh3 Kf7 61. Qc3 Qe6+ 62. g4 Qd6 63.
Qf3+ Kg7 64. Qg3 Qe6 65. Qc3+ Kf7 66. Kg3 Qd6+ 67. Kg2 Kg8 68. Qc4+ Kf8 69. Qe2 Kg7 70. Kh3 Qa3+ 71. Kg2 Qd6 72. Qf2 Qc6+ 73. Qf3 Qd6 74. g5 Qd2+ 75. Kg3 Qd6+ 76. Kh3 Qd7+ 77. Kg2 Qd2+ 78.
Qf2 Qd5+ 79. Kg3 Qd3+ 80. Qf3 Qd6+ 81. Kf2 Qd2+ 82. Kf1 Qc1+ 83. Kg2 Qd2+ 1/2-1/2

[Event "Early-Titled-Tuesday-Blitz-June-18-2024"]
[Site "Chess.com"]
[Date "2024.06.18"]
[Round "8"]
[White "Bilan_Danila"]
[Black "MatthewG-p4p"]
[Result "1-0"]
[WhiteElo "2588"]
[BlackElo "2826"]
[TimeControl "180+1"]
[EndTime "9:32:17 PDT"]
[Termination "Bilan_Danila won by checkmate"]

1. d4 Nf6 2. Nf3 c5 3. e3 g6 4. Bd3 Bg7 5. O-O cxd4 6. exd4 O-O 7. Bg5 Nc6 8. c3 d6 9. Nbd2 e5 10. dxe5 dxe5 11. Ne4 Bf5 12. Nxf6+ Bxf6 13. Bxf5 Bxg5 14. Nxg5 Qxg5 15. Be4 Rad8 16. Qb3 Na5 17. Qb5 Nc6 18. Qxb7 Nb8 19. Rad1 a6 20. Qb3 Nd7 21. Qc2 Nf6 22. g3 Qg4 23. Bg2 Qe6 24. c4 Rc8 25. b3 Nd7 26. Rd2 Nc5 27. Rfd1 Qe7 28. Rd5 f6 29. h4 Rc7 30. Qe2 Kg7 31. h5 Ne6 32. hxg6 hxg6 33.
Rd6 Nd4 34. R1xd4 exd4 35. Qxe7+ Rxe7 36. Rxd4 Re1+ 37. Bf1 Ra1 38. Rd2 Re8 39. Kg2 Ree1 40. Be2 f5 41. c5 Rac1 42. Bc4 Re5 43. c6 Rc5 44. Rd7+ Kf6 45. c7 g5 46. Kf3 a5 47. Ke3 Rc6 48. Rd6+ Rxd6 49. c8=Q Re1+ 50. Kf3 g4+ 51. Kg2 Rdd1 52. Qf8+ Ke5 53. Qg7+ Ke4 54. Qe7+ Kd4 55. Qf6+ Kc5 56. Qf8+ Kc6 57. Qf6+ Kc7 58.
Qf7+ Kb6 59. Qf6+ Kc7 60. Qg7+ Kd6 61. Qh6+ Kc7 62. f3 Rg1+ 63. Kf2 gxf3 64. Kxf3 Ra1 65. a4 Rgd1 66. Qg7+ Kb6 67. Qf6+ Kc5 68. Qe7+ Kd4 69. Qd8+ Kc3 70. Qxa5+ Kb2 71. Qxf5 Rac1 72. Kg4 Rc3 73. Qf6 Rc1 74. Qe5 Ka3 75. a5 Kb4 76. a6 Ra1 77. a7 Rxa7 78. Qb8+ Rb7 79. Qxb7+ Ka3 80. Qa6+ Kb2 81. Qf6 Kc2 82. Qxc3+ Kb1 83. Kf5 Ka2 84. b4+ Kb1 85. Qd2 Ka1 86. Qa2# 1-0

[Event "Early-Titled-Tuesday-Blitz-June-18-2024"]
[Site "Chess.com"]
[Date "2024.06.18"]
[Round "8"]
[White "GoltsevDmitry2000"]
[Black "Naruto75_3"]
[Result "0-1"]
[WhiteElo "2709"]
[BlackElo "2527"]
[TimeControl "180+1"]
[EndTime "9:32:29 PDT"]
[Termination "Naruto75_3 won by checkmate"]

1. e4 c5 2. Nf3 d6 3. d4 cxd4 4.
Nxd4 Nf6 5. Nc3 a6 6. Be2 e5 7. Nf5 d5 8. Bg5 d4 9. Bxf6 gxf6 10. Nb1 Nc6 11. O-O Be6 12. Nd2 Rg8 13. Kh1 Bb4 14.
a3 Bf8 15. b4 Qd7 16. Nc4 Bxf5 17. exf5 Qxf5 18. Bd3 Qe6 19. Qh5 Rg5 20. Qxh7 O-O-O 21. f4 exf4 22. Rxf4 Kb8 23. Raf1 Ne5 24. Nxe5 Qxe5 25. Re4 Qc7 26. Rxf6 Bg7 27. Rf5 Rg6 28. Rh4 Qe7 29.
Rf1 Rg5 30. Qe4 Be5 31. Rg4 Rh5 32. h3 Qd7 33. Rf5 Rxf5 34. Qxf5 Qc7 35. Re4 f6 36. Qe6 Rh8 37. Qf5 Qg7 38. Qf2 Qg5 39. Re2 Qc1+ 40. Re1 Qxa3 41. Rf1 Qxb4 42. Qf3 Qf8 43.
Qd5 Qg7 44. Be4 Rc8 45. Rb1 Rc7 46. Qe6 Qg3 47. Kg1 Qe3+ 48. Kh1 Qxe4 49. Qxa6 Qe1+ 50.
Rxe1 bxa6 51. Rb1+ Rb7 52. Ra1 Rb6 53. Rd1 Kb7 54.
h4 a5 55. g4 f5 56. gxf5 Rh6 57. Kg2 Rxh4 58. Ra1 Kb6 59. Re1 Bg7 60. Re6+ Kc5 61.
Rg6 Be5 62. Kf3 Rf4+ 63. Ke2 Rxf5 64. Ra6 Kb4 65. Ra8 Bc7 66. Kd3 Bb6 67. Rb8 Rb5 68. Ke4 a4 69. Kd3 a3 70. Ra8 Ba5 71. Rg8 a2 72.
Rg1 Ka3 73. c4 Rb1 74. Rg8 a1=Q 75. Ke4 Qc3 76. Ra8 Re1+ 77. Kd5 Qf3+ 78. Kc5 Qxa8 79.
Kb5 Re5+ 80. c5 Qb7+ 81. Kc4 Qb3+ 82. Kxd4 Qc3# 0-1

[Event "Early-Titled-Tuesday-Blitz-June-18-2024"]
[Site "Chess.com"]
[Date "2024.06.18"]
[Round "8"]
[White "Roachelley"]
[Black "IlanSchnaider"]
[Result "1-0"]
[WhiteElo "2560"]
[BlackElo "2798"]
[TimeControl "180+1"]
[EndTime "9:32:29 PDT"]
[Termination "Roachelley won by checkmate"]

1. Nf3 Nf6 2. e3 g6 3. b3 Bg7 4. Bb2 O-O 5. d4 d5 6. Nbd2 Ne4 7. Nxe4 dxe4 8. Nd2 c5 9. Nxe4 cxd4 10. Bxd4 Bf5 11. Bxg7 Kxg7 12. Bd3 Qd5 13. f3 Nc6 14. O-O Rfd8 15. Nf2 Qc5 16. Qe2 Be6 17. Ne4 Qe5 18.
f4 Qa5 19. Ng5 Bf5 20. e4 Bd7 21. Nf3 Bg4 22. Qf2 Bxf3 23. Qxf3 Rac8 24. h3 Nd4 25. Qf2 Nxc2 26. Rad1 Nb4 27. Bc4 Rxd1 28. Rxd1 Rd8 29.
Rxd8 Qxd8 30. a3 Nc6 31. Bd5 a6 32. Bxc6 bxc6 33. Kh2 Qd6 34. a4 Qb4 35. Qe3 c5 36. Qd3 a5 37. Kg3 e6 38. Kf3 Qe1 39. Qc4 Qd1+ 40.
Kg3 Qe1+ 41. Kh2 Qe3 42. e5 g5 43. fxg5 Qxe5+ 44. Kh1 Qxg5 45. Qc3+ f6 46. Qxa5 Qc1+ 47. Kh2 Qf4+ 48. Kh1 Qd4 49. Qe1 Qd3 50. Qh4 Qxb3 51. Qg4+ Kf8 52. Qh5 Qb1+ 53. Kh2 Ke7 54. Qxc5+ Kf7 55.
Qc7+ Kg6 56. a5 Qb5 57. Qg3+ Kf7 58. Qc7+ Kg6 59. Qg3+ Kh6 60. Qf4+ Kh5 61. g4+ Kg6 62. Qe4+ Kg7 63. Qg2 Qxa5 64. Qb7+ Kg6 65. Qe4+ Kf7 66. Qxh7+ Ke8 67. Qg8+ Kd7 68. Qg7+ Kd6 69. Qxf6 Qd2+ 70. Kg3 Qe3+ 71. Qf3 Qg1+ 72. Qg2 Qe1+ 73. Kh2 e5 74.
Qg3 Qd2+ 75. Qg2 Qg5 76. Qg3 Ke6 77. Qg2 Qf4+ 78. Qg3 Qd2+ 79. Qg2 Qd4 80. Qc6+ Kf7 81. Qf3+ Kg7 82. Qg2 e4 83. Qg3 e3 84. Qc7+ Kf6 85. Qc6+ Ke7 86. Qc7+ Ke6 87. Qc6+ Ke5 88. Qe8+ Kf4 89.
Qf7+ Ke4 90. Qf5# 1-0

[Event "Early-Titled-Tuesday-Blitz-June-18-2024"]
[Site "Chess.com"]
[Date "2024.06.18"]
[Round "8"]
[White "Bob_2004"]
[Black "dropstoneDP"]
[Result "0-1"]
[WhiteElo "2768"]
[BlackElo "2978"]
[TimeControl "180+1"]
[EndTime "9:32:34 PDT"]
[Termination "dropstoneDP won by resignation"]

1. d4 d5 2. c4 dxc4 3. Nf3 Nf6 4. e3 e6 5. Bxc4 a6 6. O-O b5 7. Bd3 Bb7 8. a4 Nbd7 9. axb5 axb5 10. Rxa8 Qxa8 11.
Bxb5 Be7 12. Re1 O-O 13. Bf1 c5 14. Nc3 Rd8 15. Qe2 Bxf3 16. Qxf3 Qxf3 17. gxf3 cxd4 18. exd4 Nb6 19. Be3 Nfd5 20. Ra1 Rc8 21. Ra7 Bf8 22. Ne4 Nc4 23. Bc1 h6 24. b3 Nd6 25. Ba3 Nf5 26. Bc5 Bxc5 27. dxc5 Nd4 28. Bc4 Nf4 29. b4 Nxf3+ 30. Kh1 Ne5 31. Ba6 Rd8 32. Nd6 Nc6 33. Rb7 Ne5 34. h4 g5 35. hxg5 hxg5 36. Rc7 Kg7 37.
Rc8 Rd7 38. b5 Ned3 39. b6 Nxc5 40. Rxc5 Rxd6 41. b7 Rd8 42. Rc8 Rd1+ 43. Kh2 Rb1 44. b8=Q Rxb8 45. Rxb8 Kf6 46. Rb2 Nd5 47. Bc4 Nf4 48.
Ra2 Ng6 49. Kg3 Kg7 50. Be2 Kf6 51. Ra5 Nf4 52. Bd1 Ng6 53. Ra7 Nf4 54. Bg4 Kg7 55. Kf3 Kg6 56. Rb7 f5 57. Rb6 Kf6 58. Bxf5 Kxf5 59. Ra6 e5 60. Ra5 Ne6 61. Ke3 Nd4 62. Ra8 Nc2+ 63. Kf3 Nd4+ 64. Kg2 Ne6 65. Re8 Nf4+ 66.
Kf3 Ng6 67. Rg8 Nh4+ 68. Kg3 Ng6 69. Rg7 Kf6 70. Ra7 Kf5 71. Rf7+ Ke6 72. Rb7 Kf5 73.
Rb6 Nf4 74. Rb8 Ne2+ 75. Kf3 Nd4+ 76. Kg3 Ne6 77. Rb7 Nc5 78. Rf7+ Kg6 79. Rc7 Ne4+ 80. Kf3 Nf6 81. Ke3 Nd5+ 82. Ke4 Nxc7 83. Kxe5 Ne8 84.
f4 g4 85. f5+ Kg5 86. f6 Nxf6 0-1

[Event "Early-Titled-Tuesday-Blitz-June-18-2024"]
[Site "Chess.com"]
[Date "2024.06.18"]
[Round "8"]
[White "Seppppppy"]
[Black "Matols"]
[Result "0-1"]
[WhiteElo "2182"]
[BlackElo "2362"]
[TimeControl "180+1"]
[EndTime "9:32:37 PDT"]
[Termination "Matols won by resignation"]

1. d4 d5 2. c4 e6 3. Nc3 Nf6 4. Bf4 dxc4 5. e3 c5 6. Bxc4 cxd4 7. exd4 Nc6 8. Nf3 Bd6 9. Bxd6 Qxd6 10. O-O O-O 11.
d5 exd5 12. Nxd5 Nxd5 13. Qxd5 Qg6 14. Bd3 Qf6 15. Qb3 Bg4 16. Be4 Rfe8 17. Rfe1 Rab8 18. Bxc6 bxc6 19. Rxe8+ Rxe8 20. Re1 Rd8 21. Ne5 Be6 22. Qc3 Bd5 23. f3 h6 24. b3 Re8 25. Qd4 a5 26.
Kf2 g6 27. Qc3 Kg7 28. Re3 Ra8 29. Ng4 Qxc3 30. Rxc3 a4 31. bxa4 Rxa4 32. a3 h5 33. Ne3 Kf6 34. Nxd5+ cxd5 35. Rd3 Ke5 36. Ke3 d4+ 37.
Kd2 Kd5 38. Rb3 Kc4 39. Rb7 Rxa3 40. Rc7+ Kd5 41. Rd7+ Ke6 42. Rxd4 Ra2+ 43. Ke3 Rxg2 44. h4 Kf6 45. Kf4 Ra2 46. Rd6+ Kg7 47. Rb6 Ra5 48. Kg3 Ra4 49. Rb7 Kf6 50. Rb6+ Kg7 51. Rb7 Rd4 52. Rb6 Rd5 53. Rc6 Rf5 54. Rb6 g5 55.
hxg5 Rxg5+ 56. Kh4 Rf5 57. Ra6 Rxf3 58. Kxh5 Rg3 59.
Kh4 Rg1 60. Kh3 f5 61. Kh2 Rg5 62. Kh3 f4 63. Ra4 Rg3+ 64. Kh2 Rf3 65. Kg2 Rg3+ 66. Kf2 Rg4 67. Kf3 Rh4 68. Rb4 Kf6 69. Rc4 Ke5 70.
Rc5+ Kd4 71. Rf5 Kc4 72. Rf8 Kd4 73. Rf7 Ke5 74. Ra7 Rh3+ 75. Kf2 Rb3 76. Ra4 Kf5 77. Kg2 Kg4 78. Ra8 Rb2+ 79. Kf1 Kg3 80. Rg8+ Kf3 81. Ke1 Rb1+ 82. Kd2 Kf2 83. Rf8 f3 84. Kd3 Re1 85. Rf7 Re8 86. Kd2 Kg2 87. Rg7+ Kf1 88. Rf7 f2 89. Kd1 Rd8+ 90. Kc2 Rd5 91. Rg7 Ke2 92. Re7+ Kf3 93. Rf7+ Ke3 94. Re7+ Kf4 95. Rf7+ Rf5 96.
Rxf5+ Kxf5 97. Kd2 f1=Q 0-1

[Event "Early-Titled-Tuesday-Blitz-June-18-2024"]
[Site "Chess.com"]
[Date "2024.06.18"]
[Round "8"]
[White "kinga2008"]
[Black "Zampronha1971"]
[Result "1-0"]
[WhiteElo "2568"]
[BlackElo "2397"]
[TimeControl "180+1"]
[EndTime "9:32:47 PDT"]
[Termination "kinga2008 won by checkmate"]

1. e4 c5 2. Nf3 e6 3. c3 Nf6 4. e5 Nd5 5. d4 cxd4 6. cxd4 b6 7. Nc3 Nxc3 8. bxc3 Bb7 9. Bd3 Qc7 10. Bd2 d6 11. O-O Nd7 12. Re1 Be7 13. exd6 Bxd6 14. h3 Nf6 15.
Ng5 h6 16. Bb5+ Bc6 17. Qa4 Bxb5 18. Qxb5+ Qd7 19. Qxd7+ Nxd7 20. Nxe6 fxe6 21. Rxe6+ Be7 22. Rae1 Kf8 23. Rxe7 Nf6 24. c4 Rc8 25. Bb4 Kg8 26. c5 Nd5 27. Re8+ Kf7 28. Rxh8 Rxh8 29. Ba3 Rd8 30.
Rd1 Nc3 31. Rd2 Nb5 32. Bb4 Nxd4 33. Kf1 a5 34. cxb6 axb4 35. b7 Rb8 36. Rxd4 Rxb7 37. Ke2 b3 38. axb3 Rxb3 39. Rd3 Rb2+ 40. Kf3 Kf6 41. Ra3 Kg6 42. Ra6+ Kh7 43. Ra5 Rb3+ 44. Kg4 Rb2 45. Kg3 Rb3+ 46. f3 Rb2 47. Ra4 Rc2 48.
h4 Rb2 49. Rg4 Ra2 50. h5 Ra5 51. Kh4 Ra3 52. Re4 Rb3 53. f4 Rb1 54. Re7 Rb2 55.
g4 Rb1 56. Re3 Rh1+ 57. Rh3 Rf1 58. Kg3 Kg8 59. Rh2 Rb1 60. Rd2 Rb4 61. g5 hxg5 62. fxg5 Kh7 63. Rd5 Ra4 64. Kh3 Rb4 65. Rd8 Ra4 66.
Rd7 Ra5 67. Kg4 Ra4+ 68. Kf5 Ra5+ 69. Kf4 Ra4+ 70. Ke5 Ra5+ 71. Rd5 Ra1 72. Rd4 Ra5+ 73. Kf4 Ra1 74. Kf5 Ra5+ 75. Kg4 Ra1 76. Rd7 Ra4+ 77.
Kf5 Ra5+ 78. Kf4 Ra4+ 79. Kg3 Ra3+ 80. Kf2 Ra2+ 81. Kf3 Ra3+ 82. Ke4 Ra4+ 83. Rd4 Ra5 84. Rd5 Ra4+ 85. Kf5 Ra1 86. h6 Rf1+ 87. Kg4 Rg1+ 88.
Kh5 gxh6 89. Rd7+ Kh8 90. Kxh6 Rh1+ 91. Kg6 Rd1 92. Rxd1 Kg8 93. Rd8# 1-0

[Event "Early-Titled-Tuesday-Blitz-June-18-2024"]
[Site "Chess.com"]
[Date "2024.06.18"]
[Round "8"]
[White "Mikhail_Bryakin"]
[Black "snowlord"]
[Result "0-1"]
[WhiteElo "2758"]
[BlackElo "2961"]
[TimeControl "180+1"]
[EndTime "9:32:51 PDT"]
[Termination "snowlord won by resignation"]

1. Nf3 b6 2. g3 Bb7 3. Bg2 g6 4. O-O c5 5. c4 Bg7 6. Nc3 Nf6 7.
b3 d5 8. cxd5 Nxd5 9. Bb2 O-O 10.
Qc1 Nc7 11. Na4 Nc6 12. Bxg7 Kxg7 13. Qb2+ Kg8 14. Rfd1 Ne6 15. a3 Qd7 16. e3 Qd5 17. Ne1 Qd6 18. d4 cxd4 19. exd4 Nexd4 20. Rxd4 Qxd4 21. Qxd4 Nxd4 22. Bxb7 Rab8 23. Ba6 Nxb3 24. Rb1 Nd4 25. Nc3 Rfd8 26. Nb5 Nxb5 27. Bxb5 Rbc8 28. a4 Rd2 29.
Nf3 Ra2 30. Nd4 e6 31. Nc6 Rc7 32. Nb4 Rd2 33. Nd3 Rcc2 34. Rf1 Kg7 35. Nb4 Rb2 36.
Nc6 Rd7 37. h4 h5 38. Kg2 Rc7 39. Nd4 Rc3 40. Rd1 Kf6 41. Re1 Rd2 42. Nf3 Ra2 43. Nd4 a6 44. Bxa6 Rxa4 45. Ne2 Rc2 46. Bb5 Raa2 47.
Kf3 Rab2 48. Bd3 Rc5 49. Nf4 b5 50. Ra1 b4 51. Ra7 Rc3 52. Ke3 Ra3 53. Rb7 Raa2 54. Ne2 Ra3 55. Nf4 Raa2 56. Ne2 b3 57. f3 Ra1 58. Nd4 Re1+ 59. Ne2 Rg1 60. Kf2 Rd1 61.
Ke3 Rf1 62. Nd4 Rh1 63. Rxb3 Re1+ 64. Be2 Rexe2+ 65. Nxe2 Rxb3+ 66. Kf2 Ra3 67. Nd4 e5 68. Nb5 Ra2+ 69. Ke3 Rb2 70. Nd6 Ke6 71. Ne4 Rb3+ 72. Kf2 Ra3 73. Nc5+ Kd5 74. Ne4 Ra2+ 75. Ke3 Ra6 76.
Ke2 f6 77. Nc3+ Ke6 78. Ne4 Rc6 79. Ke3 Kf5 80. Nf2 Rc3+ 81. Ke2 Ra3 82. Ne4 g5 83. hxg5 fxg5 84. Nd6+ Kg6 85. Ne4 h4 86. Kf2 Ra2+ 87. Kg1 h3 88. g4 Rg2+ 89. Kh1 Re2 90. Kg1 Re3 91. Nd2 Rd3 92. Nc4 Kf6 93. Kf2 h2 94. Kg2 Rxf3 95. Kxh2 e4 96. Kg2 Rd3 97. Kf2 Ke6 98.
Ke2 Rg3 99. Kf2 Rxg4 100. Ke3 Rh4 101. Kd4 e3+ 102. Kd3 Rxc4 0-1

[Event "Early-Titled-Tuesday-Blitz-June-18-2024"]
[Site "Chess.com"]
[Date "2024.06.18"]
[Round "8"]
[White "Vaathi_Coming"]
[Black "Msb2"]
[Result "0-1"]
[WhiteElo "2904"]
[BlackElo "3063"]
[TimeControl "180+1"]
[EndTime "9:33:16 PDT"]
[Termination "Msb2 won by resignation"]

1. b3 d5 2. Bb2 e6 3. Nf3 Nf6 4. g3 Bd6 5. Bg2 O-O 6. O-O Nc6 7. c4 d4 8. e3 e5 9. exd4 Nxd4 10. Nxd4 exd4 11.
d3 c5 12. Nd2 Bg4 13. Qc2 Qd7 14. Rae1 Bh3 15. Ne4 Nxe4 16. Rxe4 Bxg2 17. Kxg2 f5 18. Re2 f4 19. f3 fxg3 20. hxg3 Rf6 21. Re4 Rh6 22.
Rg4 Re8 23. Bc1 Rhe6 24. Re4 Rg6 25. f4 Rxe4 26. dxe4 Qg4 27. Qd3 Rh6 28. Rh1 Rxh1 29. Kxh1 Qh3+ 30. Kg1 h5 31. e5 Be7 32. Qg6 h4 33. gxh4 Qxh4 34. Bd2 Qh3 35. f5 Qf3 36. Bh6 Qd1+ 37. Kh2 Qe2+ 38. Kh3 Qd3+ 39. Kh2 Bf8 40. e6 Bd6+ 41. Kg2 Qe2+ 42. Kg1 Qh2+ 43. Kf1 Qxh6 44. Qf7+ Kh7 45. e7 Qh3+ 46. Ke2 Qe3+ 47. Kf1 Qxe7 48. Qg6+ Kg8 49. b4 Qf6 50. Qe8+ Bf8 51.
Qe4 cxb4 52. Qd5+ Qf7 53. Qe4 Qxc4+ 54. Kg2 Qf7 55. Kf3 b3 56. axb3 Qxb3+ 57. Kg4 Qf7 58. Qxd4 a5 59. Qa4 g6 60. fxg6 Qxg6+ 61. Kf3 Qd3+ 62. Kg4 Qe2+ 63. Kh3 Qf3+ 64. Kh2 Bd6+ 65.
Kg1 Bc5+ 66. Kh2 Qf2+ 67. Kh3 Qf5+ 68. Kg2 Qg6+ 69. Kh3 Qe6+ 70. Kg3 Bd6+ 71. Kf2 Qf5+ 72. Kg1 Kg7 73. Qd4+ Qe5 74. Qg4+ Kf7 75. Qd7+ Kf6 76. Qxb7 Qc5+ 77. Kg2 Qc2+ 78. Kf3 Qd3+ 79. Kf2 Bc5+ 80. Ke1 Bb4+ 81. Kf2 Qf5+ 82. Ke2 Qe6+ 83. Kd3 Qd6+ 84.
Kc4 Qc5+ 85. Kb3 Qc3+ 86. Ka4 Qc2+ 87. Kb5 Qe2+ 88. Ka4 Qa2+ 89. Kb5 Qe6 90. Qh1 Qd7+ 91. Kc4 Ke7 92. Qh7+ Kd8 93. Qh8+ Kc7 94. Qe5+ Qd6 95. Qf5 Kb6 96. Qb5+ Kc7 97. Qf5 Qc6+ 98. Kb3 Kb6 99.
Qf2+ Ka6 100. Qe2+ Kb6 101. Qe3+ Bc5 102. Qe2 Qb5+ 103. Kc3 Qxe2 0-1

[Event "Early-Titled-Tuesday-Blitz-June-18-2024"]
[Site "Chess.com"]
[Date "2024.06.18"]
[Round "9"]
[White "Ati1517"]
[Black "N_Mullodzhanov"]
[Result "0-1"]
[WhiteElo "2041"]
[BlackElo "2536"]
[TimeControl "180+1"]
[EndTime "9:41:38 PDT"]
[Termination "N_Mullodzhanov won by resignation"]

1. e4 c6 2. Nf3 d5 3. exd5 cxd5 4.
d4 Nf6 5. Bd3 Nc6 6. O-O Nb4 7.
Be2 Bf5 8. Na3 e6 9. c3 Nc6 10. Nc2 Bd6 11. Ne3 Bg6 12. Bd2 O-O 13. b4 Ne4 14.
Bd3 Nxf2 15. Rxf2 Bxd3 16. Ng4 Bf5 17. Bg5 f6 18. Bxf6 gxf6 19. Nh6+ Kh8 20. Nxf5 exf5 21.
Nh4 f4 22. Qh5 Rg8 23. Nf5 0-1

[Event "Early-Titled-Tuesday-Blitz-June-18-2024"]
[Site "Chess.com"]
[Date "2024.06.18"]
[Round "9"]
[White "Niteshch"]
[Black "Alexchess1984"]
[Result "0-1"]
[WhiteElo "2360"]
[BlackElo "2559"]
[TimeControl "180+1"]
[EndTime "9:41:52 PDT"]
[Termination "Alexchess1984 won by resignation"]

1. e4 e6 2. d4 d5 3. Nd2 a6 4. Ngf3 c5 5. exd5 exd5 6. dxc5 Bxc5 7. Nb3 Ba7 8. Bd3 Nf6 9. O-O O-O 10. Bg5 Nc6 11. c3 Bg4 12. h3 Bh5 13. Bc2 Qd6 14.
Qd2 Bxf3 15. gxf3 Qg3+ 16. Kh1 Qxh3+ 17. Kg1 Qg3+ 18. Kh1 Qxf3+ 19. Kg1 Qg3+ 20. Kh1 Qh3+ 21. Kg1 Ng4 22. Qf4 Bb8 0-1

[Event "Early-Titled-Tuesday-Blitz-June-18-2024"]
[Site "Chess.com"]
[Date "2024.06.18"]
[Round "9"]
[White "NikitaShnadrygin"]
[Black "Hudijegszid"]
[Result "1-0"]
[WhiteElo "2740"]
[BlackElo "2520"]
[TimeControl "180+1"]
[EndTime "9:41:59 PDT"]
[Termination "NikitaShnadrygin won by resignation"]

1. e4 c6 2. d4 d5 3. f3 Qb6 4. Nc3 dxe4 5. fxe4 e5 6. Nf3 exd4 7.
Qxd4 Qxd4 8. Nxd4 Bd6 9. Be3 Nd7 10. O-O-O Be5 11. Nf5 Ne7 12. Nd6+ Bxd6 13. Rxd6 Ng6 14. Bc4 Nde5 15. Bb3 O-O 16. h3 Bd7 17. Rhd1 Rfd8 18. Bg5 Re8 19. Rxd7 Nxd7 20. Rxd7 Ne5 21. Rxb7 h6 22.
Bf4 g5 23. Bxe5 Rxe5 24. Rxf7 1-0

[Event "Early-Titled-Tuesday-Blitz-June-18-2024"]
[Site "Chess.com"]
[Date "2024.06.18"]
[Round "9"]
[White "SujanaLohani"]
[Black "LileKoridze"]
[Result "1-0"]
[WhiteElo "2281"]
[BlackElo "2415"]
[TimeControl "180+1"]
[EndTime "9:43:04 PDT"]
[Termination "SujanaLohani won by checkmate"]

1. e4 c5 2. Nf3 d6 3. d4 cxd4 4. Nxd4 Nf6 5. Nc3 a6 6. Bc4 e6 7. Bb3 Qc7 8. Bg5 Be7 9. Qf3 O-O 10. O-O-O Nc6 11. h4 Ne5 12. Qe2 b5 13. h5 h6 14.
Bf4 Nc4 15. Bxc4 bxc4 16. e5 dxe5 17. Bxe5 Qc5 18. Bxf6 Bxf6 19. Ne4 Bg5+ 20. Kb1 Qe5 21. Nf3 Qb5 22. Nfxg5 hxg5 23. h6 Bb7 24. hxg7 Kxg7 25.
Nd6 Qc6 26. Qe5+ f6 27. Qxe6 Qc7 28. Nf5+ Kg6 29. Rh6# 1-0

[Event "Early-Titled-Tuesday-Blitz-June-18-2024"]
[Site "Chess.com"]
[Date "2024.06.18"]
[Round "9"]
[White "rionelG"]
[Black "Kostukov_Alex"]
[Result "1-0"]
[WhiteElo "2358"]
[BlackElo "2304"]
[TimeControl "180+1"]
[EndTime "9:43:12 PDT"]
[Termination "rionelG won by resignation"]

1. e4 c5 2. g3 g6 3. Bg2 Bg7 4. Ne2 Nc6 5. c3 e5 6. d3 Nge7 7. Be3 d6 8. O-O O-O 9. f4 Be6 10.
Nd2 Qd7 11. Nf3 b6 12. d4 exd4 13. cxd4 cxd4 14. Nexd4 Nxd4 15. Nxd4 Bh3 16. Rc1 Bxg2 17. Kxg2 Rac8 18. Qd2 f5 19. exf5 Nxf5 20. Nxf5 Qe6 1-0

[Event "Early-Titled-Tuesday-Blitz-June-18-2024"]
[Site "Chess.com"]
[Date "2024.06.18"]
[Round "9"]
[White "Milop27"]
[Black "Forge13"]
[Result "0-1"]
[WhiteElo "2440"]
[BlackElo "2668"]
[TimeControl "180+1"]
[EndTime "9:43:20 PDT"]
[Termination "Forge13 won by resignation"]

1. e4 e6 2. d4 d5 3. e5 c5 4. c3 Qb6 5. Nf3 Nc6 6. a3 Bd7 7. b4 cxd4 8. cxd4 Rc8 9. Bd3 Nxd4 10. O-O Rxc1 11. Qxc1 Nb3 12. Qb2 Nxa1 13. Qxa1 Ne7 14. Nbd2 Ng6 15. Nb3 Be7 16. g3 O-O 17. Rc1 f6 18. Nc5 Bc8 19. Bxg6 hxg6 20.
Qb1 f5 21. Nd4 g5 22. f4 gxf4 23. gxf4 Kf7 24. Rc3 Rh8 25. Rg3 Rh6 26. Kg2 Bxc5 27. Qc2 Bxd4 28. Qxc8 Qc6 29. Qxc6 bxc6 0-1

[Event "Early-Titled-Tuesday-Blitz-June-18-2024"]
[Site "Chess.com"]
[Date "2024.06.18"]
[Round "9"]
[White "Casper"]
[Black "edgarhay012"]
[Result "0-1"]
[WhiteElo "2491"]
[BlackElo "2695"]
[TimeControl "180+1"]
[EndTime "9:43:25 PDT"]
[Termination "edgarhay012 won by resignation"]

1. e4 c5 2. Nf3 e6 3. d3 d5 4.
exd5 exd5 5. g3 Nf6 6. Bg2 Be7 7. O-O O-O 8. Re1 Nc6 9. Nc3 h6 10. Ne5 Nxe5 11. Rxe5 Bd6 12. Re1 Bg4 13. Qd2 Bc7 14. h3 Be6 15. Ne2 Qd7 16. Kh2 Rae8 17. Nf4 Bf5 18. Rxe8 Rxe8 19. d4 c4 20. c3 Be4 21. Qd1 Qf5 22. Be3 h5 23. Bxe4 Rxe4 24. Qf3 g5 0-1